Map: Orbital Shipyard

Players

noseknowsall

  • Race: Terran Terran
  • League: Diamond

A.I. 1 (Very Easy) - Winner!

  • Race: Terran Terran

VOD

Have the link to the VOD?

Description

Time

  • Played on: Feb. 4, 2016, 10:12 a.m.
  • Length: 3:55
Show
View Real Time Build Order
Export as new Build Order

noseknowsall Terran 

Build Orders: 1/1/1 

Get SALT Encoding   

  12  0:01  SCV  
  13  0:13  SCV  
  14  0:18  Supply Depot  
  14  0:25  SCV  
  15  0:38  Refinery  
  15  0:39  SCV  
  16  0:44  Barracks  
  16  0:51  SCV  
  17  1:03  SCV  
  18  1:04  Refinery  
  18  1:16  SCV  
  19  1:31  Orbital Command  
  19  1:32  Marine  
  20  1:35  Factory  
  20  1:46  Supply Depot  
  20  1:50  Marine  
  21  1:57  SCV  
  22  2:08  Marine  
  23  2:09  SCV  
  24  2:20  Factory Tech Lab, Starport  
  24  2:25  SCV  
  24  2:27  Barracks Reactor  
  25  2:37  SCV  
  26  2:49  SCV, Factory Tech Lab  
  27  2:56  Command Center  
  27  3:05  Raven  
  29  3:09  Supply Depot  
  29  3:10  SCV  
  30  3:13  Marine  
  31  3:30  Marine  
  31  3:31  SCV  
  36  3:37  Supply Depot, Marine  
  37  3:43  SCV  
Show
View Real Time Build Order
Export as new Build Order

A.I. 1 (Very Easy) Terran - Winner!

Build Orders:  

Get SALT Encoding   

  12  0:00  SCV  
  13  0:13  SCV  
  14  0:19  Supply Depot  
  14  0:37  Refinery  
  14  0:46  Barracks  
  14  1:04  Supply Depot  
  14  1:12  Refinery  
  14  1:33  Marine  
  14  1:34  Orbital Command  
  15  1:51  Barracks Tech Lab  
  15  1:59  SCV  
  16  2:11  SCV  
  17  2:22  Marine  
  18  2:23  SCV  
  19  2:35  SCV  
  20  2:47  SCV  
  21  2:59  SCV  
  22  3:11  Marauder  
Tags
 
League
Diamond
Matchup
TvT
Opening
1/1/1
Race
Terran
Add a new tag
Caveats
  • Supply blocks, unpowered buildings, or Contaminate may cause inaccurate times.
  • Supply counts are checked every 10 seconds.